 Dungeon Crawl Stone Soup version 0.29.1-12-g30fa7ad0bf (webtiles) character file.

Game seed: 6234891189554597338

601 Joonimbus the Trooper (level 7, 0/61 HPs)
             Began as a Hill Orc Fighter on Jan 12, 2023.
             Was a Follower of Beogh.
             Slain by a hornet (10 damage)
             ... on level 5 of the Dungeon on Jan 15, 2023.
             The game lasted 01:17:52 (5551 turns).

Joonimbus the Trooper (Hill Orc Fighter)            Turns: 5551, Time: 01:17:52

Health: 0/61       AC: 14    Str: 21    XL:     7   Next: 41%
Magic:  7/7        EV: 11    Int:  8    God:    Beogh [*.....]
Gold:   28         SH:  4    Dex: 10    Spells: 6/6 levels left

rFire   . . .      SeeInvis .   y - +1 flail (protect)
rCold   . . .      Faith    .   c - +0 buckler
rNeg    . . .      Spirit   .   Z - +0 chain mail
rPois   .          Reflect  .   g - +2 helmet
rElec   .          Harm     .   (no cloak)
rCorr   .          Rampage  .   X - +0 pair of gloves
Will    .....                   (no boots)
Stlth   ..........              T - amulet of the acrobat
HPRegen 0.20/turn               H - +4 ring of evasion
MPRegen 0.10/turn               (no ring)

@: lethally poisoned (0 -> -3), slowed, very slow
A: no striking features
a: Renounce Religion


You were on level 5 of the Dungeon.
You worshipped Beogh.
Beogh was aware of your devotion.
You visited 1 branch of the dungeon, and saw 5 of its levels.

You collected 199 gold pieces.
You spent 171 gold pieces at shops.

Inventory:

Hand Weapons
 a - a +0 war axe
 l - a +0 trident
 m - a +0 short sword
 p - a +3 dagger
 r - a +0 short sword
 v - a +0 whip
 x - a +0 mace
 y - a +1 flail of protection (weapon)
 F - a +0 falchion
 G - a +1 mace of holy wrath
 I - a +0 dagger
 J - a +3 hand axe of electrocution
 M - a +0 spear
 P - a +0 halberd
 Q - a +0 halberd
 Y - a +0 sling
Missiles
 n - 4 poisoned darts (quivered)
 E - 46 stones
Armour
 b - a +0 scale mail
 c - a +0 buckler (worn)
 g - a +2 helmet (worn)
 k - a +0 ring mail
 o - a +0 cloak
 q - a +0 leather armour
 t - a +0 scale mail
 w - a +0 robe
 z - a +0 scale mail
 O - a +2 leather armour of fire resistance
 R - a +0 scale mail
 S - a +0 buckler
 X - a +0 pair of gloves (worn)
 Z - a +0 chain mail (worn)
Jewellery
 A - a ring of protection from cold
 H - a +4 ring of evasion (left hand)
 T - an amulet of the acrobat (around neck)
 W - a ring of protection from cold
Wands
 N - a wand of charming (5)
Scrolls
 f - 8 scrolls of identify
 j - a scroll of enchant weapon {unknown}
 B - a scroll of torment {unknown}
 C - 2 scrolls of poison {unknown}
 K - 3 scrolls of teleportation {unknown}
 L - a scroll of magic mapping {unknown}
 V - a scroll of immolation {unknown}
Potions
 d - 2 potions of might
 e - 3 potions of curing
 h - 2 potions of berserk rage
 i - a potion of cancellation {unknown}
 s - a potion of resistance {unknown}
 u - a potion of heal wounds
 D - a potion of haste {unknown}
 U - a potion of invisibility {unknown}


   Skills:
 + Level 5.0 Fighting
 + Level 4.9(5.6) Axes
 + Level 3.5(4.4) Maces & Flails
 + Level 2.0 Throwing
 + Level 4.9 Armour
 + Level 1.2 Dodging
 + Level 0.2 Stealth
 + Level 4.2 Shields


You had 6 spell levels left.
You didn't know any spells.
Your spell library contained the following spells:

 Spells                   Type           Power      Damage    Failure   Level
 Summon Small Mammal      Summ           0%         N/A       99%         1
 Call Canine Familiar     Summ           0%         N/A       100%        3
 Summon Guardian Golem    Hex/Summ       0%         N/A       100%        3
 Orb of Destruction       Conj           0%         9d5       100%        7
 Spellforged Servitor     Conj/Summ      0%         N/A       100%        7


Dungeon Overview and Level Annotations

Branches:
Dungeon (5/15)             Temple (0/1) D:5

Altars:
Makhleb
Trog

Shops:
D:2 =   D:5 [[[


Message History

The hornet stings you but does no damage.
You block the hornet's attack. x2
You closely miss the hornet.
The hornet is lightly wounded.
You feel sick. You block the hornet's attack. The hornet misses you. x2
You hit the hornet.
Your weapon exudes an aura of protection.
The hornet is moderately wounded.
You feel sick.
The hornet stings you but does no damage. x2
You barely miss the hornet.
The hornet is moderately wounded.
You hear the brisk rusting of a distant drain.
You feel yourself speed up.
You feel sick. The hornet stings you.
You suddenly lose the ability to move!
The hornet completely misses you.
The hornet stings you but does no damage.
You feel sick.
You are no longer poisoned.
A hound comes into view.
The hornet stings you but does no damage.
The hound barks!
The hornet stings you but does no damage.
The hornet stings you.
You are poisoned.
You feel yourself slow down.
You can move again.
You feel better. The hornet stings you.
You feel as though you will be slow longer.
The hornet stings you!
* * * LOW HITPOINT WARNING * * *
You are poisoned.
You feel as though you will be slow longer.
You feel very sick. The hornet completely misses you.
The hornet closely misses you.
You feel sick. The hound completely misses you.
The hornet completely misses you. The hound completely misses you.
There is an escape hatch in the ceiling here.
You feel sick. The hornet stings you!
You die...

.....#...###.##...#.#..
#.. #..............>..
. ###.###.##........
#...........##.##.
#.#.###.###.# .# ...#.#
#.# .# # ###
#.###.###.# #...h.....#
#>.@y.....#
......###.###.# #######
#># # ..# ###


You could see a hornet and a hound.

Vanquished Creatures
  2 scorpions
  A necrophage (D:4)
  2 hounds (D:5)
  2 orc priests (D:3)
  Ijyb (D:4)
  Jessica (D:2)
  Terence (D:2)
  Robin (D:2)
  6 adders
  4 gnolls (D:4)
  An ufetubus (D:5)
  3 worms
  2 dart slugs
  15 orcs
  8 endoplasms
  3 giant cockroaches
  13 goblins
  6 hobgoblins
  6 jackals
  2 quokkas
  7 ball pythons
  5 bats
  3 frilled lizards
  5 kobolds
  9 rats
109 creatures vanquished.

Vanquished Creatures (others)
  2 orcs (D:3)
  A quokka (D:3)
  A kobold (D:3)
  7 demonic plants (D:3)
  8 fungi (D:3)
  7 plants (D:3)
  A withered plant (D:3)
27 creatures vanquished.

Grand Total: 136 creatures vanquished

Notes
Turn   | Place    | Note
-------+----------+-------------------------------------------
     0 | D:1      | Joonimbus the Hill Orc Fighter began the quest for the Orb.
     0 | D:1      | Reached XP level 1. HP: 19/19 MP: 1/1
   106 | D:1      | Reached XP level 2. HP: 25/26 MP: 2/2
   635 | D:1      | Reached XP level 3. HP: 33/33 MP: 3/3
   665 | D:1      | You fall into a shaft and drop 1 floor!
   777 | D:2      | Found a burning altar of Makhleb.
   787 | D:2      | Noticed Jessica
   808 | D:2      | Killed Jessica
   809 | D:2      | Reached skill level 4 in Fighting
   809 | D:2      | Reached XP level 4. HP: 27/40 MP: 4/4
   941 | D:2      | Noticed Robin
   943 | D:2      | Identified the +1 robe "Dyinn" {Contam +Inv Regen+ Int+4}
   968 | D:2      | Killed Robin
  1272 | D:2      | Noticed Terence
  1299 | D:2      | Killed Terence
  1794 | D:2      | Reached XP level 5. HP: 46/46 MP: 5/5
  1799 | D:2      | Found Motast's Jewellery Shoppe.
  2278 | D:3      | Became a worshipper of Beogh the Brigand
  2403 | D:3      | Found a faded altar of an unknown god.
  2467 | D:3      | Reached skill level 1 in Throwing
  2684 | D:3      | Reached skill level 1 in Maces & Flails
  2728 | D:3      | Reached XP level 6. HP: 21/53 MP: 6/6
  3185 | D:3      | Reached * piety under Beogh
  3728 | D:3      | Found a bloodstained altar of Trog.
  4029 | D:4      | Noticed Ijyb
  4042 | D:4      | Killed Ijyb
  4305 | D:4      | Reached skill level 1 in Dodging
  4776 | D:4      | Reached XP level 7. HP: 32/60 MP: 7/7
  5159 | D:5      | Entered Level 5 of the Dungeon
  5200 | D:5      | Found Lafex's Antique Armour Boutique.
  5201 | D:5      | Found Doeraxiu's Antique Armour Emporium.
  5252 | D:5      | Reached skill level 5 in Fighting
  5322 | D:5      | Bought a pair of gloves for 81 gold pieces
  5355 | D:5      | Found Ilubop's Antique Armour Boutique.
  5359 | D:5      | Bought a chain mail for 90 gold pieces
  5467 | D:5      | Found a staircase to the Ecumenical Temple.
  5537 | D:5      | Noticed a hornet
  5545 | D:5      | Paralysed by a hornet for 3 turns
  5551 | D:5      | Slain by a hornet

Illustrated notes

Levels and vault maps discovered:
D:1:      saegor_arrival_simple_e, layout_basic
D:2:      layout_basic, serial_shops, shop, basic_altar,
          chequers_serial_rivers_room_a, uniq_jessica, uniq_terence, uniq_robin
D:3:      layout_loops_ring, trog_butcher_becter,
          nicolae_qazlal_general_emergency, shapermc_ecumenical_altar_gd
D:4:      layout_gridville, uniq_ijyb
D:5:      layout_loops_ring, minmay_temple_entry_waves, serial_shops, shop,
          shop_statue, shop, shop, portal_sewer_entry_b

Skill      XL: |  1  2  3  4  5  6  7 |
---------------+----------------------+-----
Axes           | 3 4 |  4.9
Fighting       | 4 5 |  5.0
Armour         | 4 |  4.9
Throwing       | 1 2 |  2.0
Shields        | 4 |  4.2
Maces & Flails | 1 2 3 |  3.5
Dodging        | 1 |  1.2
Stealth        | |  0.2

Action                   |  1- 3 |  4- 6 |  7- 9 || total
-------------------------+-------+-------+-------++-------
Melee: War axe           |    77 |    46 |       ||   123
       Flail             |       |   186 |    70 ||   256
Throw: Stone             |    19 |     2 |       ||    21
       Dart              |       |    37 |       ||    37
Invok: Convert to Beogh  |       |     1 |       ||     1
  Use: Potion            |     1 |     2 |     1 ||     4
       Scroll            |       |     1 |       ||     1
Armor: Scale mail        |    45 |   127 |     9 ||   181
       Chain mail        |       |       |    38 ||    38
Dodge: Dodged            |    58 |   114 |    73 ||   245
Block: Buckler           |    17 |    55 |    26 ||    98
